 Dungeon Crawl Stone Soup version 0.27.1-1-g398f81649c (webtiles) character file.

Game seed: 4442314486626840244

8 chaosape the Shooter (level 2, 0/23 HPs)
             Began as a Gnoll Wanderer on Sept 20, 2021.
             Slain by a quokka (1 damage)
             ... on level 1 of the Dungeon.
             The game lasted 00:02:11 (621 turns).

chaosape the Shooter (Gnoll Wanderer)                Turns: 621, Time: 00:02:14

Health: 0/23       AC:  2    Str: 11    XL:     2   Next: 8%
Magic:  0/5        EV: 11    Int: 13    God:
Gold:   34         SH:  0    Dex:  9    Spells: 5/6 levels left

rFire    . . .     SeeInvis .   a - +0 hand crossbow
rCold    . . .     Faith    .   (no shield)
rNeg     . . .     Spirit   .   c - +0 robe
rPois    .         Reflect  .   (no helmet)
rElec    .         Harm     .   (no cloak)
rCorr    .         Rampage  .   (no gloves)
Will     +....                  (no boots)
Stlth    +.........             (no amulet)
HPRegen  0.07/turn              e - ring of willpower
MPRegen  0.09/turn              (no ring)

@: very slightly contaminated
A: fangs 1, strong nose, distributed training
a: no special abilities


You were on level 1 of the Dungeon.
You visited 1 branch of the dungeon, and saw 1 of its levels.

You collected 34 gold pieces.

Inventory:

Hand Weapons
 a - a +0 hand crossbow (weapon)
 d - a +1 dagger of venom
Missiles
 b - 12 bolts (quivered ammo)
Armour
 c - a +0 robe (worn)
Jewellery
 e - a ring of willpower (left hand)
Scrolls
 g - a scroll of identify {unknown}
Potions
 f - a potion of heal wounds {unknown}


   Skills:
 + Level 2.4 Fighting
 + Level 0.2 Short Blades
 + Level 0.2 Long Blades
 + Level 0.2 Axes
 + Level 0.2 Maces & Flails
 + Level 0.2 Polearms
 + Level 0.2 Staves
 + Level 0.2 Slings
 + Level 6.4 Bows
 + Level 0.2 Crossbows
 + Level 0.2 Throwing
 + Level 2.4 Armour
 + Level 0.2 Dodging
 + Level 0.2 Stealth
 + Level 0.2 Shields
 + Level 0.2 Unarmed Combat
 + Level 2.6 Spellcasting
 + Level 0.1 Conjurations
 + Level 0.1 Hexes
 + Level 2.0 Summonings
 + Level 0.1 Necromancy
 + Level 0.1 Translocations
 + Level 0.1 Transmutations
 + Level 2.0 Fire Magic
 + Level 0.1 Ice Magic
 + Level 0.1 Air Magic
 + Level 0.1 Earth Magic
 + Level 0.1 Poison Magic
 + Level 0.3 Invocations
 + Level 4.4 Evocations


You had 5 spell levels left.
You knew the following spells:

 Your Spells              Type           Power      Damage    Failure   Level
a - Magic Dart            Conj           8%         1d3       22%         1

Your spell library contained the following spells:

 Spells                   Type           Power      Damage    Failure   Level
 Call Imp                 Summ           6%         N/A       16%         2
 Blink                    Tloc           N/A        N/A       32%         2
 Corpse Rot               Necr/Air       N/A        N/A       32%         2
 Slow                     Hex            2%         N/A       32%         2
 Sublimation of Blood     Necr           1%         N/A       32%         2
 Conjure Flame            Conj/Fire      4%         6-21      41%         3
 Mephitic Cloud           Conj/Pois/Air  2%         N/A       54%         3


Dungeon Overview and Level Annotations

Branches:
Dungeon (1/15)

Altars:


Innate Abilities, Weirdness & Mutations

You have very sharp teeth.
Your uncanny sense of smell can sniff out nearby items.
Your experience applies equally to all skills.


Message History

Aim: a quokka (severely wounded, 100% to hit)
The magic dart hits the quokka.
The quokka is almost dead.
The quokka closely misses you.
Casting: Magic Dart (safe; 22% risk of failure)
Confirm with . or Enter, or press ? or * to list all spells.
Aiming: Magic Dart (safe; 22% risk of failure)
Press: ? - help, Shift-Dir - straight line, f/p - quokka
Aim: a quokka (almost dead, 100% to hit)
The magic dart hits the quokka but does no damage.
The quokka is almost dead.
The quokka barely misses you. The quokka misses you.
Casting: Magic Dart (safe; 22% risk of failure)
Confirm with . or Enter, or press ? or * to list all spells.
Aiming: Magic Dart (safe; 22% risk of failure)
Press: ? - help, Shift-Dir - straight line, f/p - quokka
Aim: a quokka (almost dead, 100% to hit)
You miscast Magic Dart.
You are very lightly contaminated with residual magic.
Nothing appears to happen.
The quokka closely misses you.
Casting: Magic Dart (safe; 22% risk of failure)
Confirm with . or Enter, or press ? or * to list all spells.
You don't have enough magic to cast this spell.
Unknown command.
Casting: Magic Dart (safe; 22% risk of failure)
Confirm with . or Enter, or press ? or * to list all spells.
You don't have enough magic to cast this spell.
Fire: 14 bolts
Press: ? - help, Q - select action, (/) - cycle Shift-Dir - straight line, f/p - quokka
Aim: a quokka (almost dead, 48% to hit)
You shoot a bolt. The bolt closely misses the quokka.
The quokka bites you.
* * * LOW HITPOINT WARNING * * *
The quokka bites you but does no damage.
Fire: 13 bolts
Press: ? - help, Q - select action, (/) - cycle Shift-Dir - straight line, f/p - quokka
Aim: a quokka (severely wounded, 48% to hit)
You shoot a bolt. The bolt barely misses the quokka.
The quokka bites you.
You die...

#..........##
#...........#
###.........#
#...#.......#
...###......##
### #.......#
(.##....>..#
#..........#
####(r@..##
##...## #####


You could see a quokka.

Vanquished Creatures
  3 jackals (D:1)
  A kobold (D:1)
  A quokka (D:1)
  A frilled lizard (D:1)
  A goblin (D:1)
7 creatures vanquished.

Notes
Turn   | Place    | Note
-------+----------+-------------------------------------------
     0 | D:1      | chaosape the Gnoll Wanderer began the quest for the Orb.
     0 | D:1      | chaosape set off with the following items: a +0 hand
                  | crossbow, 24 bolts, a +0 robe; and the following spell
                  | memorised: Magic Dart; and the following spells available
                  | to memorise: Call Imp, Blink, Corpse Rot, Slow, Sublimation
                  | of Blood, Conjure Flame, Mephitic Cloud
     0 | D:1      | Reached XP level 1. HP: 17/17 MP: 4/4
   541 | D:1      | Reached XP level 2. HP: 23/23 MP: 1/5
   620 | D:1      | HP: 1/23 [quokka (5)]
   621 | D:1      | Slain by a quokka

Illustrated notes

Levels and vault maps discovered:
D:1:      wander_arrival_lonely_grave, layout_rooms,
          dreamdust_ecumenical_altar_statues

Skill      XL: |  1 |
---------------+----+-----
Summonings     | 2 |  2.0
Fire Magic     | 2 |  2.0
Fighting       | |  2.4
Short Blades   | |  0.2
Long Blades    | |  0.2
Axes           | |  0.2
Maces & Flails | |  0.2
Polearms       | |  0.2
Staves         | |  0.2
Slings         | |  0.2
Bows           | |  6.4
Crossbows      | |  0.2
Throwing       | |  0.2
Armour         | |  2.4
Dodging        | |  0.2
Stealth        | |  0.2
Shields        | |  0.2
Unarmed Combat | |  0.2
Spellcasting   | |  2.6
Conjurations   | |  0.1
Hexes          | |  0.1
Necromancy     | |  0.1
Translocations | |  0.1
Transmutations | |  0.1
Ice Magic      | |  0.1
Air Magic      | |  0.1
Earth Magic    | |  0.1
Poison Magic   | |  0.1
Invocations    | |  0.3
Evocations     | |  4.4

Action                   || total
-------------------------++-------
 Fire: Hand crossbow     ||    27
 Cast: Magic Dart        ||     8
Armor: Robe              ||     3
Dodge: Dodged            ||    15
